 Dungeon Crawl Stone Soup version 0.29.1-1-gd02db6906a (webtiles) character file.

Game seed: 5942173121876710012

135216 MacCMillion the Spry (level 16, 0/79 HPs)
             Began as a Felid Summoner on Sept 23, 2022.
             Was an Initiate of Gozag.
             Slain by Polyphemus (21 damage)
             ... on level 3 of the Shoals on Oct 9, 2022.
             The game lasted 06:35:57 (59241 turns).

MacCMillion the Spry (Felid Summoner)              Turns: 59241, Time: 06:35:58

Health: 0/79       AC: 22    Str:  4    XL:     16   Next: 34%
Magic:  20/31      EV: 39    Int: 29    God:    Gozag
Gold:   1808       SH:  0    Dex: 18    Spells: 5/35 levels left
                                        Lives:  0   Deaths: 2

rFire   . . .      SeeInvis +     - Unarmed
rCold   + . .      Faith    .   (shield unavailable)
rNeg    . . .      Spirit   .   (body armour unavailable)
rPois   ∞          Reflect  .   (helmet unavailable)
rElec   +          Harm     .   (cloak unavailable)
rCorr   .          Rampage  .   (gloves unavailable)
Will    +++..                   (boots unavailable)
Stlth   ++........              z - amulet "Umeistaf" {RegenMP rC+ Regen+ Slay+2}
HPRegen 1.03/turn               V - +6 ring of intelligence
MPRegen 0.62/turn               U - ring "Wah Vyet" {Will+ AC+4 Int+2}

@: storm-form, spiked, forested, gold aura, flying
A: cleaving, insubstantial, flying, very small, (claws 1), (fangs 3), see
invisible, (speed 1), (shaggy fur 3), (stealthy paws), no weapons or thrown
items, no armour, multi-lived, dopey 1
}: 1/15 runes: gossamer
a: Blinkbolt, End Transformation, Renounce Religion, Potion Petition, Call
Merchant, Bribe Branch


You were on level 3 of the Shoals.
You worshipped Gozag.
Gozag was most pleased with you.
You were a lightning-filled tempest!
You visited 6 branches of the dungeon, and saw 30 of its levels.
You also visited: Ossuary, Bailey and Ice Cave.

You collected 10296 gold pieces.
You spent 608 gold pieces at shops.
You paid 7880 gold pieces to Gozag.

Inventory:

Jewellery
 d - a ring of positive energy
 q - an amulet of regeneration
 s - a ring of flight
 t - a +4 ring of protection
 z - the amulet "Umeistaf" (around neck) {RegenMP rC+ Regen+ Slay+2}
   (You acquired it on level 4 of the Spider Nest)

   [amulet of magic regeneration]

   It increases your rate of magic regeneration.
   Slay:      It affects your accuracy & damage with ranged weapons and melee
   (+2).
   rC:        It protects you from cold.
   Regen:     It increases your rate of health regeneration.
 D - a ring of fire
 F - a ring of positive energy
 J - an amulet of guardian spirit
 M - a ring of protection from fire
 R - a ring of ice
 S - the ring of Veyj {rF+ rC+ Will- Str+2 Dex+5 SInv}
   (You found it on level 15 of the Dungeon)

   [ring of protection from cold]

   Str:       It affects your strength (+2).
   Dex:       It affects your dexterity (+5).
   rF:        It protects you from fire.
   rC:        It protects you from cold.
   SInv:      It lets you see invisible.
   Will:      It decreases your willpower.
 T - a ring of protection from fire
 U - the ring "Wah Vyet" (right paw) {Will+ AC+4 Int+2}
   (You found it on level 15 of the Dungeon)

   [ring of protection]

   AC:        It affects your AC (+4).
   Int:       It affects your intelligence (+2).
   Will:      It increases your willpower.
 V - a +6 ring of intelligence (left paw)
 W - the amulet of Feyng {Acrobat rElec rC+}
   (You took it off a skeletal warrior on level 15 of the Dungeon)

   [amulet of the acrobat]

   It increases your evasion while moving and waiting.
   rC:        It protects you from cold.
   rElec:     It insulates you from electricity.
 X - the ring of Hejiuh {rPois rN+ Str-2 Int+2 Stlth+}
   (You found it on level 15 of the Dungeon)

   [ring of poison resistance]

   Str:       It affects your strength (-2).
   Int:       It affects your intelligence (+2).
   rPois:     It protects you from poison.
   rN:        It protects you from negative energy.
   Stlth:     It makes you more stealthy.
 Y - a +4 ring of slaying
 Z - a ring of protection from cold
Wands
 B - a wand of light (12)
 C - a wand of polymorph (14)
 E - a wand of digging (18)
 H - a wand of paralysis (27)
 K - a wand of flame (52)
 N - a wand of iceblast (6)
 O - a wand of mindburst (9)
Scrolls
 e - 5 scrolls of teleportation
 g - 3 scrolls of fear
 k - 3 scrolls of vulnerability
 l - 7 scrolls of poison
 n - 2 scrolls of immolation
 p - 3 scrolls of torment
 u - 5 scrolls of magic mapping
 v - 9 scrolls of butterflies
 y - 5 scrolls of amnesia
 G - 3 scrolls of blinking
 P - a scroll of summoning
 Q - a scroll of silence
Potions
 a - 5 potions of magic
 b - 2 potions of heal wounds
 c - 7 potions of resistance
 f - 6 potions of attraction
 h - 7 potions of brilliance
 i - a potion of berserk rage
 j - 14 potions of curing
 m - 7 potions of lignification
 o - 7 potions of invisibility
 r - 7 potions of might
 w - 11 potions of ambrosia
 x - 2 potions of haste
 A - 3 potions of flight
 I - a potion of cancellation
 L - 3 potions of mutation


   Skills:
 + Level 13.9 Fighting
 + Level 17.9 Dodging
 - Level 2.6 Stealth
 + Level 2.4 Unarmed Combat
 - Level 10.0 Spellcasting
 - Level 5.0 Hexes
 - Level 10.0 Summonings
 - Level 10.0 Translocations
 + Level 16.5 Transmutations
 - Level 5.0 Fire Magic
 + Level 14.5 Air Magic


You had 5 spell levels left.
You knew the following spells:

 Your Spells              Type           Power      Damage    Failure   Level
a - Tukima's Dance        Hex            43%        N/A       1%          3
b - Call Canine Familiar  Summ           64%        N/A       1%          3
c - Summon Guardian Gole  Hex/Summ       55%        N/A       1%          3
d - Summon Lightning Spi  Summ/Air       71%        N/A       1%          4
e - Storm Form            Tmut/Air       40%        N/A       5%          7
f - Inner Flame           Hex/Fire       43%        N/A       1%          3
g - Summon Forest         Summ/Tloc      32%        N/A       1%          5
h - Wereblood             Tmut           84%        N/A       0%          2

Your spell library contained the following spells:

 Spells                   Type           Power      Damage    Failure   Level
 Foxfire                  Conj/Fire      100%       2x1d9     1%          1
 Slow                     Hex            100%       N/A       1%          1
 Summon Small Mammal      Summ           100%       N/A       1%          1
 Call Imp                 Summ           64%        N/A       1%          2
 Confusing Touch          Hex            43%        N/A       1%          3
 Ignite Poison            Fire/Tmut/Pois 54%        N/A       1%          3
 Passage of Golubria      Tloc           64%        N/A       1%          4
 Yara's Violent Unravell  Hex/Tmut       33%        3d14      1%          5
 Conjure Flame            Conj/Fire      29%        6-21      4%          3
 Summon Mana Viper        Hex/Summ       55%        N/A       4%          5
 Ozocubu's Armour         Ice            14%        N/A       11%         3
 Vampiric Draining        Necr           14%        2d7       11%         3
 Flame Wave               Conj/Fire      29%        2d9       13%         4
 Leda's Liquefaction      Hex/Erth       14%        N/A       13%         4
 Sticky Flame             Conj/Fire      29%        2d5       13%         4
 Fireball                 Conj/Fire      14%        3d8       36%         5
 Metabolic Englaciation   Hex/Ice        14%        N/A       36%         5
 Summon Cactus Giant      Summ           32%        N/A       10%         6
 Conjure Ball Lightning   Conj/Air       27%        3x3d8     28%         6
 Starburst                Conj/Fire      14%        6d6       90%         6
 Haunt                    Necr/Summ      21%        N/A       99%         7
 Disjunction              Tloc           32%        N/A       99%         8
 Borgnjor's Revivificati  Necr           7%         N/A       100%        8
 Discord                  Hex            21%        N/A       100%        8
 Ignition                 Fire           21%        3d8       100%        8
 Infestation              Necr           7%         N/A       100%        8
 Necromutation            Tmut/Necr      29%        N/A       100%        8
 Death's Door             Necr           7%         N/A       100%        9
 Portal Projectile        Hex/Tloc       Unusable   N/A       N/A         3
 Animate Dead             Necr           Unusable   N/A       N/A         4
 Simulacrum               Ice/Necr       Unusable   N/A       N/A         6

Dungeon Overview and Level Annotations

Branches:
Dungeon (15/15)            Temple (1/1) D:6            Lair (5/5) D:10
 Shoals (3/4) Lair:3       Spider (4/4) Lair:2        Slime (0/5) Lair:5
    Orc (2/2) D:12            Elf (0/3) Orc:2        Vaults (0/5) D:14
 Depths (0/4) D:15        Ossuary (visited)          Bailey (visited)
  IceCv (visited)

Altars:
Ashenzari
Cheibriados
Dithmenos
Elyvilon
Fedhas
Gozag
Hepliaklqana
Kikubaaqudgha
Makhleb
Nemelex Xobeh
Okawaru
Qazlal
Ru
Sif Muna
Trog
Uskayaw
Vehumet
Wu Jian
Xom
Yredelemnul
Zin
The Shining One
Jiyva

Shops:
D:10 *:   D:12 =!   D:14 =   D:15 :[:   Orc:2 *[*!   Lair:2 :   Lair:5 ?
Shoals:1 =

Portals:
Trove: D:12 (give morningstar "Eos")

Annotations:
D:2 Natasha, Sigmund
D:8 exclusion: centaur
D:9 exclusion: centaur
Lair:2 exclusion: electric eel
Shoals:3 Polyphemus


Innate Abilities, Weirdness & Mutations

You are a lightning-filled tempest!
Your electrical attacks strike out in all directions at once.
You are incredibly evasive.
Your insubstantial body is immune to petrification, constriction, and being set on fire You are flying.
You are immune to poison.
((You have sharp claws.))
((You have razor-sharp teeth.))
You have supernaturally acute eyesight. (SInv)
((You cover ground quickly. (Speed+)))
((Your thick and shaggy fur keeps you warm. (AC +3, rC+)))
((Your paws help you pounce on unaware monsters.))
You are incapable of wielding weapons or throwing items.
You cannot wear armour.
You gain extra lives every three experience levels.
You are dopey. (Int -2)


Message History

The manticore is engulfed in blazing flames.
The manticore flicks its tail.
The volley of spikes hits you but does no damage.
The manticore is engulfed in blazing flames.
A volley of spikes appears from out of your range of vision.
The volley of spikes hits your lightning spire.
You buffet Polyphemus!
Polyphemus is severely wounded.
Your warg bites Polyphemus.
Polyphemus completely misses you. Polyphemus misses you.
Your lightning spire is engulfed in blazing flames.
The manticore is engulfed in blazing flames.
The manticore flicks its tail.
The volley of spikes hits you!
The barbed spikes become lodged in your body.
The manticore is engulfed in blazing flames.
Your warg bites Polyphemus!
You buffet Polyphemus!
Polyphemus is severely wounded.
Polyphemus completely misses you. x2
Your lightning spire is engulfed in blazing flames.
Your warg bites Polyphemus.
The manticore is engulfed in blazing flames. x2
The manticore dies!
You buffet the manticore!
You kill the manticore!
You hit Polyphemus but do no damage. Polyphemus completely misses you.
Polyphemus hits you!
* * * LOW HITPOINT WARNING * * *
Your warg bites Polyphemus.
The manticore is engulfed in a cloud of scalding steam.
A volley of spikes appears from out of your range of vision.
The volley of spikes hits your lightning spire!
Unknown command.
You hit Polyphemus.
Polyphemus is almost dead.
Your warg bites Polyphemus but does no damage.
Polyphemus hits you!!
You die...
Your body crumbles into a pile of gold.

≈≈P~~~~~~~.$.~~.
≈§≈P~~~~~~~~~~♣
~P~~~~~~~~~~~## ?..~..
P~~§~~~~~~~~~~~ ~~~~~
≈≈≈≈~§~~~HH~~H~ #~~≈≈ $
≈≈≈~~~8~§~# #~≈≈~
≈≈≈~~○~☼$## #~~~
≈≈~~~§§C♣♣ #~~~
≈~~...h$v♣# ##~~~
~~.♣#♣##♣~# #.~~)
~~.######~## $ ##(~~.
~~...~~~~~~## ##.....
~~~~~~~~~~~~###
###.##...
~~~~~~~≈≈≈~~###..##..~~
~~~~~~~≈≈≈≈~~~..####?~~
~~~≈~~~≈≈≈~~~~~.# #...
~~~≈≈≈≈~~~~~~~..####...


You could see Polyphemus (ally target), a friendly warg (summoned) and a
friendly lightning spire (summoned, skewered).

Vanquished Creatures
  Rupert (D:15)
  Kirke (Spider:3)
  A tengu reaver (D:15)
  2 frost giants (D:15)
  6 emperor scorpions
  5 ghost moths
  2 broodmothers (Spider:3)
  A spark wasp (Spider:4)
  An entropy weaver (Spider:4)
  A merfolk javelineer (Shoals:3)
  2 merfolk impalers
  A vault guard (D:14)
  A jorogumo (Spider:3)
  2 radroaches
  A merfolk avatar (Shoals:2)
  An alligator snapping turtle (Shoals:1)
  2 merfolk aquamancers (Shoals:1)
  A deep troll shaman (D:15)
  A skeletal warrior (D:15)
  2 orb spiders
  2 pharaoh ants
  2 steelbarb worms
  2 sea snakes (Shoals:1)
  3 harpies
  An orc knight (D:15)
  3 fauns (Shoals:3)
  13 wolf spiders
  2 moths of wrath (Spider:3)
  9 manticores
  2 cyclopes (D:15)
  3 merfolk sirens
  4 torpor snails
  4 water nymphs (Shoals:1)
  2 freezing wraiths (D:15)
  6 demonic crawlers
  A cane toad (Lair:5)
  8 merfolk
  13 tarantellas
  2 meliai (Spider:3)
  2 hornets (Spider:4)
  A blink frog (Lair:5)
  2 snapping turtles
  A dream sheep (Shoals:2)
  10 jumping spiders
  2 water elementals
  11 culicivoras
  2 hogs (Spider:3)
  22 redbacks
  A vampire mosquito (D:15)
  4 electric eels
  An iguana (D:4)
  An orc wizard (D:12)
  A gnoll (Bailey)
  A ball python (D:1)
  A goblin (D:12)
  2 jackals (D:3)
  3 bats
  A snaplasher vine (D:15)
186 creatures vanquished.

Vanquished Creatures (collateral kills)
  Frances (D:12)
  A frost giant (D:15)
  2 ghost moths (Spider:4)
  An emperor scorpion (Spider:3)
  Aizul (Shoals:1)
  An entropy weaver (Spider:3)
  A fire dragon (D:14)
  Josephine (D:14)
  2 great orbs of eyes (D:15)
  Erolcha (D:9)
  5 hydras
  A boulder beetle (Lair:4)
  A rakshasa (D:13)
  An ogre mage (D:14)
  6 vault guards
  A centaur warrior (D:15)
  A radroach (Spider:3)
  A two-headed ogre (D:11)
  2 merfolk avatars
  A death knight (D:15)
  A death scarab (Spider:4)
  2 merfolk aquamancers (Shoals:1)
  A tengu warrior (D:14)
  A deep troll shaman (D:15)
  Amaemon (Lair:2)
  Sonja (Lair:4)
  A sun moth (Spider:1)
  8 skeletal warriors (D:15)
  4 pharaoh ants
  2 sea snakes
  2 steelbarb worms
  2 glowing orange brains (D:15)
  5 harpies
  A lindwurm (Lair:5)
  5 orb spiders
  An orc knight (D:15)
  8 deep elf pyromancers
  A wolf spider (shapeshifter) (D:14)
  7 orc sorcerers (Orc:2)
  7 wolf spiders
  3 fauns (Shoals:3)
  5 ugly things
  11 cyclopes
  A deep elf zephyrmancer (D:15)
  A manticore (shapeshifter) (D:15)
  6 manticores
  2 merfolk sirens (Shoals:3)
  13 elephants
  2 water nymphs
  3 black mambas
  A torpor snail (Spider:3)
  An orange demon (Lair:2)
  19 cane toads
  2 freezing wraiths (D:14)
  2 kobold demonologists
  A rime drake (Lair:3)
  An efreet (D:15)
  4 demonic crawlers
  Psyche (D:12)
  5 komodo dragons
  5 trolls
  A tengu conjurer (D:13)
  2 meliai
  3 tyrant leeches (Lair:5)
  A wind drake (Shoals:2)
  A polar bear (Lair:2)
  7 tarantellas
  4 hornets
  8 merfolk
  10 dream sheep
  9 slime creatures
  11 blink frogs
  9 jumping spiders
  9 wraiths
  11 culicivoras
  4 wyverns
  3 water elementals
  7 yaks
  3 humans (Bailey)
  2 steam dragons (D:7)
  11 vampire mosquitoes
  5 basilisks
  16 redbacks
  5 wargs
  2 acid dragons (D:11)
  2 floating eyes (D:15)
  9 water moccasins
  12 orc warriors
  An ice beast (D:7)
  An ogre (Orc:1)
  3 centaurs
  6 wolves
  2 phantoms
  2 elf zombies (Ossuary)
  3 kobold brigands
  2 necrophages
  5 scorpions
  24 bullfrogs
  A gnoll sergeant (D:8)
  5 wights (D:7)
  5 killer bees
  4 howler monkeys
  6 centaur zombies (Ossuary)
  3 jellies
  2 gnoll boudas (D:3)
  2 human zombies (Ossuary)
  15 orc priests
  3 hounds
  6 iguanas
  41 orc wizards
  A troll simulacrum (D:11)
  3 mummies (Ossuary)
  27 gnolls
  5 adders
  3 shadow imps
  2 white imps (D:6)
  3 worms
  2 dart slugs
  97 orcs
  7 ball pythons
  6 endoplasms
  2 giant cockroaches (D:3)
  14 goblins
  11 hobgoblins
  22 jackals
  10 quokkas
  5 bats
  4 frilled lizards
  13 kobolds
  5 rats
733 creatures vanquished.

Vanquished Creatures (others)
  A broodmother (Spider:1)
  3 vault guards
  3 two-headed ogres
  3 centaur warriors
  11 hydras
  A tengu warrior (D:14)
  A deep elf knight (D:15)
  A skeletal warrior (D:11)
  A goliath frog (Lair:5)
  An orb spider (Spider:1)
  A wizard (D:15)
  An orc sorcerer (Orc:2)
  2 wolf spiders
  2 ugly things
  2 cyclopes
  3 manticores
  3 elephants
  A water nymph (Shoals:3)
  2 black mambas
  3 gargoyles
  6 cane toads
  A cane toad (shapeshifter) (D:14)
  2 freezing wraiths (D:15)
  2 komodo dragons (Lair:1)
  2 polar bears
  A meliai (D:15)
  4 trolls
  Prince Ribbit (Bailey)
  3 slime creatures
  A tarantella (Spider:1)
  2 snapping turtles
  A jumping spider (Spider:1)
  2 vampires
  A culicivora (Lair:2)
  6 yaks
  5 humans
  A basilisk (D:15)
  A steam dragon (Lair:3)
  6 vampire mosquitoes
  4 wargs
  4 dancing weapons
  A water moccasin (Lair:3)
  An orc warrior (D:11)
  A black bear (D:5)
  A centaur (D:9)
  A wolf (Lair:2)
  An elf zombie (Ossuary)
  2 bullfrogs (Bailey)
  A scorpion (D:6)
  2 wights (D:7)
  A centaur zombie (Ossuary)
  An iguana (D:5)
  2 orc wizards
  A spriggan simulacrum (D:11)
  A naga simulacrum (D:11)
  6 orcs
  47 fungi
  202 plants
  21 snaplasher vines
395 creatures vanquished.

Grand Total: 1314 creatures vanquished

Notes
Turn   | Place    | Note
-------+----------+-------------------------------------------
     0 | D:1      | MacCMillion the Felid Summoner began the quest for the Orb.
     0 | D:1      | Reached XP level 1. HP: 7/7 MP: 4/4
   349 | D:1      | Reached XP level 2. HP: 9/11 MP: 4/6
   909 | D:1      | Reached XP level 3. HP: 14/14 MP: 6/8
   913 | D:1      | Learned a level 3 spell: Call Canine Familiar
  1768 | D:2      | Found a shimmering altar of Xom.
  1768 | D:2      | Noticed Sigmund
  2547 | D:2      | Noticed Natasha
  2823 | D:3      | Reached XP level 4. HP: 18/18 MP: 5/9
  2827 | D:3      | Learned a level 3 spell: Summon Guardian Golem
  2865 | D:3      | Found a sacrificial altar of Ru.
  2865 | D:3      | Found an ornate altar of the Wu Jian Council.
  2865 | D:3      | Found a glowing silver altar of Zin.
  2926 | D:3      | Found a snail-covered altar of Cheibriados.
  2926 | D:3      | Found an iron altar of Okawaru.
  2934 | D:3      | Found a bloodstained altar of Trog.
  2935 | D:3      | Found a blossoming altar of Fedhas.
  3216 | D:3      | Reached skill level 5 in Summonings
  3239 | D:3      | Reached skill level 3 in Dodging
  3239 | D:3      | Reached skill level 1 in Hexes
  3899 | D:3      | Reached skill level 1 in Fighting
  3899 | D:3      | Reached XP level 5. HP: 22/22 MP: 10/10
  4934 | D:3      | Gained mutation: You are covered in thick fur. (AC +2)
                  | [Felid growth]
  4934 | D:3      | Reached XP level 6. HP: 25/25 MP: 12/12
  4939 | D:3      | Learned a level 4 spell: Summon Lightning Spire
  5328 | D:3      | Reached skill level 4 in Dodging
  6176 | D:4      | Reached XP level 7. HP: 30/30 MP: 10/14
  7047 | D:4      | Reached skill level 5 in Dodging
  7550 | D:5      | Entered Level 5 of the Dungeon
  7654 | D:5      | Reached skill level 1 in Air Magic
  8351 | D:5      | Reached skill level 5 in Hexes
  8406 | D:5      | Reached XP level 8. HP: 34/34 MP: 15/15
  9542 | D:5      | Reached skill level 6 in Dodging
 10128 | D:6      | Found a sand-covered staircase.
 10138 | Ossuary  | Entered an ossuary
 10547 | Ossuary  | Reached skill level 7 in Dodging
 11352 | D:6      | Reached skill level 5 in Fighting
 11492 | D:6      | Reached XP level 9. HP: 40/40 MP: 13/16
 11595 | D:6      | Reached skill level 8 in Dodging
 11692 | D:6      | Found a hide-covered altar of Uskayaw.
 11839 | D:6      | Found a staircase to the Ecumenical Temple.
 11852 | Temple   | Entered the Ecumenical Temple
 11946 | Temple   | Became a worshipper of Gozag Ym Sagoz the Greedy
 12971 | D:7      | Reached skill level 5 in Air Magic
 13119 | D:7      | Reached skill level 9 in Dodging
 13136 | D:7      | Found a flagged portal.
 13199 | Bailey   | Entered a bailey
 13297 | Bailey   | Reached XP level 10. HP: 46/46 MP: 10/17
 13748 | Bailey   | Noticed Prince Ribbit
 13755 | Bailey   | Noticed a vault guard
 13766 | Bailey   | Noticed a vault guard
 13775 | Bailey   | Killed Prince Ribbit
 13805 | Bailey   | Killed a vault guard
 13806 | Bailey   | Reached skill level 10 in Dodging
 14102 | Bailey   | Killed a vault guard
 14623 | D:7      | Got the Treatise on Sculpting and the Spider
 15834 | D:9      | Noticed Erolcha
 16229 | D:9      | Killed Erolcha
 16230 | D:9      | Reached XP level 11. HP: 51/51 MP: 12/18
 16306 | D:9      | Reached skill level 11 in Dodging
 17092 | D:10     | Entered Level 10 of the Dungeon
 17760 | D:10     | Found a staircase to the Lair.
 18325 | D:10     | Found Wuwkagro's Assorted Antiques.
 18693 | Lair:1   | Entered Level 1 of the Lair of Beasts
 18782 | Lair:1   | Noticed a four-headed hydra
 18795 | Lair:1   | Killed a four-headed hydra
 18796 | Lair:1   | Reached skill level 10 in Summonings
 18998 | Lair:1   | Reached skill level 12 in Dodging
 19235 | Lair:1   | Noticed a five-headed hydra
 19251 | Lair:1   | Killed a five-headed hydra
 19443 | Lair:1   | Noticed a seven-headed hydra
 19467 | Lair:1   | Killed a seven-headed hydra
 19468 | Lair:1   | Reached skill level 13 in Dodging
 19468 | Lair:1   | Gained mutation: Your thick and shaggy fur keeps you warm.
                  | (AC +3, rC+) [Felid growth]
 19468 | Lair:1   | Reached XP level 12. HP: 58/58 MP: 2/19
 19777 | Lair:1   | Reached skill level 10 in Fighting
 20221 | Lair:2   | Learned a level 3 spell: Tukima's Dance
 20271 | Lair:2   | Reached skill level 1 in Transmutations
 20447 | Lair:2   | Found a hole to the Spider Nest.
 21625 | Lair:2   | Noticed a seven-headed hydra
 21629 | Lair:2   | Noticed a six-headed hydra
 21838 | Lair:2   | Killed a six-headed hydra
 22048 | Lair:2   | Noticed Amaemon
 22078 | Lair:2   | Killed a seven-headed hydra
 22079 | Lair:2   | Reached skill level 5 in Spellcasting
 22335 | Lair:2   | Killed Amaemon
 23254 | Lair:3   | Reached skill level 14 in Dodging
 24255 | Lair:3   | Reached XP level 13. HP: 63/63 MP: 14/22
 24270 | Lair:3   | Reached skill level 5 in Transmutations
 24712 | Lair:3   | Found a staircase to the Shoals.
 25566 | Lair:4   | Noticed Sonja
 25595 | Lair:4   | Killed Sonja
 26169 | Lair:5   | Entered Level 5 of the Lair of Beasts
 26169 | Lair:5   | Found a staircase to the Slime Pits.
 26169 | Lair:5   | Found a viscous altar of Jiyva.
 26401 | Lair:5   | Reached skill level 10 in Air Magic
 27340 | Lair:5   | Reached skill level 15 in Dodging
 28498 | Lair:5   | Bought a scroll of teleportation for 42 gold pieces
 28498 | Lair:5   | Bought a scroll of identify for 28 gold pieces
 28498 | Lair:5   | Bought a scroll of identify for 28 gold pieces
 29839 | Lair:5   | Reached XP level 14. HP: 46/69 MP: 20/26
 30821 | D:11     | Found a frozen archway.
 30846 | IceCv    | Entered an ice cave
 31135 | D:11     | Reached skill level 16 in Dodging
 31143 | D:11     | Found a glowing golden altar of the Shining One.
 32023 | D:12     | You fall into a shaft and drop 1 floor!
 32256 | D:12     | Noticed Psyche
 32268 | D:12     | Killed Psyche
 32358 | D:12     | Noticed Frances
 33121 | D:12     | Killed Frances
 33616 | D:12     | Found a staircase to the Orcish Mines.
 34066 | D:12     | Found a portal to a secret trove of treasure.
 34254 | Orc:1    | Entered Level 1 of the Orcish Mines
 35096 | Orc:2    | Entered Level 2 of the Orcish Mines
 35454 | Orc:2    | Found a staircase to the Elven Halls.
 35656 | Orc:2    | Reached skill level 17 in Dodging
 35851 | Orc:2    | Found Tipniez's Armour Emporium.
 35851 | Orc:2    | Found Koargh Xops's Assorted Antiques.
 36414 | Orc:2    | Found Taifas's Assorted Antiques.
 36414 | Orc:2    | Found Byatargha's Distillery.
 36422 | Orc:2    | Bought a scroll of identify for 54 gold pieces
 38759 | D:14     | Reached skill level 10 in Transmutations
 38793 | D:14     | Noticed Josephine
 38937 | D:13     | Reached XP level 15. HP: 74/74 MP: 11/27
 38945 | D:13     | Learned a level 7 spell: Storm Form
 39633 | D:14     | Killed Josephine
 40774 | D:14     | Found a gate to the Vaults.
 41224 | D:15     | Entered Level 15 of the Dungeon
 41384 | D:15     | Learned a level 3 spell: Inner Flame
 41716 | D:15     | Reached skill level 1 in Fire Magic
 41871 | D:15     | Noticed a tengu reaver
 41891 | D:15     | Killed a tengu reaver
 42225 | D:15     | Noticed Rupert
 42237 | D:15     | Killed Rupert
 42360 | D:15     | Identified the ring of Veyj {rF+ rC+ Will- Str+2 Dex+5
                  | SInv}
 42554 | D:15     | Identified the ring "Wah Vyet" {Will+ AC+4 Int+2}
 42761 | D:15     | Found Oberph's Book Shop.
 42781 | D:15     | Reached skill level 5 in Fire Magic
 42824 | D:15     | Noticed a frost giant
 44029 | D:15     | Bought a book of the Wilderness for 456 gold pieces
 44035 | D:15     | Learned a level 5 spell: Summon Forest
 44054 | D:15     | Killed a frost giant
 44135 | D:15     | Found a staircase to the Depths.
 44735 | D:15     | Noticed a frost giant
 44795 | D:15     | Reached skill level 5 in Translocations
 44911 | D:15     | Found a transporter.
 44930 | D:15     | Noticed a frost giant
 44956 | D:15     | Killed a frost giant
 45063 | D:15     | Identified the amulet of Feyng {Acrobat rElec rC+}
 45681 | D:15     | Killed a frost giant
 45964 | D:15     | Found Jumic's Book Boutique.
 45980 | D:15     | Reached XP level 16. HP: 78/78 MP: 16/28
 46040 | D:15     | Reached skill level 10 in Translocations
 46132 | D:15     | Identified the ring of Hejiuh {rPois rN+ Str-2 Int+2
                  | Stlth+}
 46149 | D:15     | Paralysed by a floating eye for 3 turns
 46410 | D:15     | Found a transporter.
 46449 | D:15     | Found Qagiosua's Antique Armour Boutique.
 46966 | Spider:1 | Entered Level 1 of the Spider Nest
 47154 | Spider:1 | Gained mutation: You are dopey. (Int -2) [mutagenic glow]
 47928 | Spider:1 | Learned a level 2 spell: Wereblood
 51277 | Spider:3 | Noticed Kirke
 51296 | Spider:3 | Killed Kirke
 52879 | Spider:4 | Entered Level 4 of the Spider Nest
 52888 | Spider:3 | Reached XP level 17. HP: 82/82 MP: 0/31
 53118 | Spider:3 | HP: 3/82 [broodmother (46)]
 53119 | Spider:3 | Mangled by a wolf spider
 53120 | Spider:3 | Reached XP level 16. HP: -6/78 MP: 21/30
 53761 | Spider:4 | Identified a scroll of acquirement
 53870 | Spider:4 | Acquired the amulet "Umeistaf" {RegenMP rC+ Regen+ Slay+2}
 54109 | Spider:4 | Reached skill level 15 in Transmutations
 54122 | Spider:4 | Annihilated by a radroach
 54123 | Spider:4 | Reached XP level 15. HP: -32/74 MP: 29/29
 54553 | Spider:4 | Reached skill level 10 in Spellcasting
 54848 | Spider:4 | Noticed an emperor scorpion
 54849 | Spider:4 | Noticed an emperor scorpion
 54850 | Spider:4 | Noticed an emperor scorpion
 55022 | Spider:4 | Killed an emperor scorpion
 55036 | Spider:4 | Killed an emperor scorpion
 55041 | Spider:4 | Killed an emperor scorpion
 55156 | Spider:4 | Noticed an emperor scorpion
 55161 | Spider:4 | Killed an emperor scorpion
 55166 | Spider:4 | Got a gossamer rune of Zot
 57335 | Shoals:1 | Entered Level 1 of the Shoals
 57494 | Shoals:1 | Noticed Aizul
 57502 | Shoals:1 | Killed Aizul
 57848 | Shoals:2 | Reached XP level 16. HP: 79/79 MP: 23/31
 58292 | Shoals:2 | Reached skill level 1 in Unarmed Combat
 58446 | Shoals:2 | Found the +5 sword of Power {vorpal}
 59224 | Shoals:3 | Noticed Polyphemus
 59241 | Shoals:3 | Slain by Polyphemus

Illustrated notes

Levels and vault maps discovered:
D:1:      lightli_arrival_flooded_house, layout_basic, minmay_tromino_v4_c
D:2:      layout_loops_cross, basic_altar, ebering_ecumenical_altar_box,
          uniq_natasha, uniq_sigmund
D:3:      lemuel_castle_with_subvaults [lemuel_castle_interior_carwin_3],
          layout_basic, grunt_temple_overflow_open, cheibrodos_sewer_entry_bend
D:4:      layout_cave_pods, nicolae_zen_rock_garden
D:5:      layout_basic
D:6:      layout_basic, amcnicky_altar_gilded, minmay_temple_entry_arrows,
          enter_ossuary_3, grunt_ministairs_14
D:7:      layout_cave_pools, enter_bailey_5, kennysheep_potato
D:8:      layout_loops_corners, grunt_ministairs_9
D:9:      layout_roguey, uniq_erolcha
D:10:     layout_loops_cross, erik_lair_orcish_takeover, serial_shops, shop,
          kennysheep_windowed_goal
D:11:     minmay_four_partial_circles, layout_rooms,
          portal_ice_cave_entry_ice_simulacra, nicolae_tso_carved_into_rock
D:12:     layout_roguey, erik_orc_3, enter_trove_1, uniq_frances, uniq_psyche
D:13:     layout_gridville, serial_bayou, serial_bayou_pond_c,
          serial_bayou_lagoon_b, serial_bayou_lake_a, serial_bayou_pond_e,
          serial_park_tiny_pond
D:14:     layout_cave_pods, lightli_vaults_fourway_checkpoint,
          wad_floor_pattern_1, uniq_josephine
D:15:     hangedman_spin_cycle, uniq_rupert
Temple:   nicolae_temple_great_sept
Lair:1:   layout_chaotic_city, lemuel_fruit_fields
Lair:2:   layout_gridlike, nicolae_spider_entry_tight_spaces, uniq_amaemon
Lair:3:   layout_roguey, minmay_shoals_entry_hut
Lair:4:   layout_long_grid, uniq_sonja
Lair:5:   minmay_lair_end_frog_pond, layout_cave_pods, slime_entry_1
Shoals:1: layout_shoals, nicolae_splish_splash, uniq_aizul
Shoals:2: layout_shoals
Shoals:3: cheibrodos_shoals_roost, layout_shoals, uniq_polyphemus
Spider:1: layout_cave_pods
Spider:2: layout_spider_delve, nicolae_spider_cling_halls
Spider:3: layout_chambers, uniq_kirke
Spider:4: spider_rune_water
Orc:1:    layout_caves
Orc:2:    st_orc_town, layout_caves

Skill      XL: |  1  2  3  4  5  6  7  8  9 10 11 12 13 14 15 16 |
---------------+-------------------------------------------------+-----
Spellcasting   | 3 4 5 7 10 9 | 10.0
Summonings     | 5 6 7 8 9 10 | 10.0
Dodging        | 3 4 5 7 9 10 13 14 15 17 | 17.9
Hexes          | 1 2 3 5 |  5.0
Fighting       | 1 2 3 5 6 8 9 11 12 13 | 13.9
Air Magic      | 1 3 5 6 8 9 10 11 14 13 | 14.5
Transmutations | 4 7 10 16 15 | 16.5
Fire Magic     | 5 |  5.0
Translocations | 9 10 | 10.0
Unarmed Combat | 2 |  2.4
Stealth        | |  2.6

Action                   |  1- 3 |  4- 6 |  7- 9 | 10-12 | 13-15 | 16-18 || total
-------------------------+-------+-------+-------+-------+-------+-------++-------
Melee: Unarmed           |    13 |    27 |    22 |    29 |   240 |   381 ||   712
       Bite              |       |     6 |     5 |     2 |    12 |     1 ||    26
       Punch             |       |       |       |       |     4 |     8 ||    12
 Cast: Summon Small Mamm |    87 |    22 |     6 |       |       |       ||   115
       Call Canine Famil |     8 |    47 |   107 |    89 |   184 |     8 ||   443
       Summon Guardian G |       |       |    28 |    75 |   205 |    16 ||   324
       Summon Lightning  |       |       |     7 |    95 |   281 |    44 ||   427
       Tukima's Dance    |       |       |       |       |    26 |       ||    26
       Inner Flame       |       |       |       |       |    28 |     6 ||    34
       Summon Forest     |       |       |       |       |    27 |    57 ||    84
       Storm Form        |       |       |       |       |    19 |    61 ||    80
       Wereblood         |       |       |       |       |     8 |    19 ||    27
Invok: Call Merchant     |       |       |       |     1 |     6 |       ||     7
 Abil: Blinkbolt         |       |       |       |       |     2 |     5 ||     7
Evoke: Wand              |       |       |       |       |     9 |       ||     9
  Use: Scroll            |     3 |     1 |    12 |     4 |    14 |     3 ||    37
 Stab: Distracted        |       |     2 |       |     1 |    11 |    15 ||    29
       Betrayed ally     |       |       |       |       |     1 |       ||     1
Armor: Skin              |     2 |     5 |     8 |    14 |    68 |    69 ||   166
Dodge: Dodged            |    23 |    70 |    61 |   152 |   639 |   768 ||  1713
